 Dungeon Crawl Stone Soup version 0.14.0-7-g2801ba0 (webtiles) character file.

3784 Ragg the Grappler (level 9, -4/93 HPs)
             Began as a Troll Monk on Apr 13, 2014.
             Was a Believer of Okawaru.
             Slain by a sky beast (6 damage)
             ... on Level 8 of the Dungeon.
             The game lasted 00:21:24 (6924 turns).

Ragg the Grappler (Troll Monk)                      Turns: 6924, Time: 00:21:25

HP  -4/93        AC  8     Str 21      XL: 9   Next: 79%
MP   2/4         EV 15     Int  9      God: Okawaru [**....]
Gold 310         SH  0     Dex 12      Spells:  0 memorised,  8 levels left

rFire  . . .     SeeInvis .       - Unarmed
rCold  . . .     Clarity  .     F - +2 robe {rN+}
rNeg   + . .     Conserve +     (shield restricted)
rPois  .         rCorr    .     (helmet restricted)
rElec  .         rRot     .     g - +0 cloak
SustAb . .       Spirit   .     (gloves unavailable)
rMut   .         Warding  .     (boots unavailable)
Gourm  +         Stasis   .     V - amulet of conservation
MR     +....                    w - cursed ring of protection from magic
                                W - ring of flight

@: heroism, somewhat resistant to hostile enchantments, stealthy
A: unfitting armour, claws 3, fast metabolism 3, gourmand, regeneration 2,
saprovore 2, shaggy fur 1, tough skin 2
a: Heroism, Renounce Religion, Evoke Flight


You were on level 8 of the Dungeon.
You worshipped Okawaru.
Okawaru was pleased with you.
You were very full.

You visited 2 branches of the dungeon, and saw 9 of its levels.

You collected 310 gold pieces.

Inventory:

Hand weapons
 M - a +0 blowgun
Missiles
 O - 7 needles of confusion
Armour
 g - a +0 cloak (worn)
 F - a +2 robe of positive energy (worn)
Magical devices
 a - a wand of teleportation (4)
 s - a wand of invisibility (5)
 v - a wand of fireball (4)
 y - a wand of fireball (4)
 D - a wand of magic darts (12)
 N - a wand of confusion (9)
 P - a wand of disintegration (10)
Comestibles
 b - 4 meat rations
 l - a pear
 q - 5 bread rations
 x - 2 chokos
 E - an orange
 I - a sausage
 U - a slice of pizza
Scrolls
 d - 4 scrolls of enchant weapon I
 m - 2 scrolls of amnesia {unknown}
 n - 6 scrolls of remove curse {unknown}
 r - 2 scrolls of fear {unknown}
 t - 5 scrolls of teleportation {unknown}
 u - 4 scrolls of blinking {unknown}
 B - a scroll of enchant armour {unknown}
 C - 2 scrolls of recharging {unknown}
 G - a scroll of magic mapping {unknown}
 H - a scroll of vulnerability {unknown}
 J - a scroll of immolation {unknown}
 R - a scroll of fog {unknown}
Jewellery
 h - a +2,+5 ring of slaying
 w - a cursed ring of protection from magic (right claw)
 V - an amulet of conservation (around neck)
 W - a ring of flight (left claw)
Potions
 c - 2 potions of restore abilities
 e - 3 potions of curing
 i - 2 potions of flight {unknown}
 j - 3 potions of heal wounds {unknown}
 k - 4 potions of might {unknown}
 p - 3 potions of haste {unknown}
 z - a potion of lignification {unknown}
 A - a potion of resistance {unknown}
 K - a potion of confusion {unknown}
 Q - a potion of degeneration {unknown}
 S - a potion of brilliance {unknown}
 T - 2 potions of agility {unknown}
 X - a potion of paralysis {unknown}
Books
 f - a book of the Sky

   Spells                             Type                      Level
   Flight                             Charms/Air                   3
   Airstrike                          Air                          4
   Silence                            Hexes/Air                    5
   Deflect Missiles                   Charms/Air                   6
   Conjure Ball Lightning             Conjuration/Air              6
   Tornado                            Air                          9
 o - a book of Battle

   Spells                             Type                      Level
   Infusion                           Charms                       1
   Shroud of Golubria                 Charms/Translocation         2
   Song of Slaying                    Charms                       2
   Spectral Weapon                    Hexes/Charms                 3
   Regeneration                       Charms/Necromancy            3
 L - a book of Annihilations {highlevel}

   This book is beyond your current level of understanding.

   Spells                             Type                      Level
   Poison Arrow                       Conjuration/Poison           6
   Chain Lightning                    Conjuration/Air              8
   Lehudib's Crystal Spear            Conjuration/Earth            8
   Glaciate                           Conjuration/Ice              9
   Fire Storm                         Conjuration/Fire             9


   Skills:
 + Level 7.2(12.2) Fighting
 + Level 7.2(12.2) Dodging
 - Level 1.1(6.1) Stealth
 + Level 9.1(14.1) Unarmed Combat


You had 8 spell levels left.
You didn't know any spells.

Dungeon Overview and Level Annotations

Branches:
Dungeon (8/15)             Temple (1/1) D:7
   Lair: D:8-11

Altars:
Ashenzari
Cheibriados
Dithmenos
Elyvilon
Kikubaaqudgha
Makhleb
Nemelex Xobeh
Okawaru
Sif Muna
Trog
Vehumet
Xom
Yredelemnul
Zin
The Shining One

Shops:
D:5 [   D:8 }


Innate Abilities, Weirdness & Mutations

You are too large for most types of armour.
You have claws for hands.
Your metabolism is lightning-fast.
You like to eat raw meat.
You heal very quickly.
You can eat rotten meat.
You are covered in fur (AC +1).
You have very tough skin (AC +2).


Message History

You destroy the centaur skeleton!
Okawaru accepts your kill. Something hits you but does no damage.
A bat comes into view.
Things that are here:
a spear; an animal skin; the gnoll corpse of Grum You barely miss something.
Something barely misses you.
You miss something. Your punch misses something. You miss something.
The bat barely misses you. Something barely misses you.
You mangle something!! The bat misses you. Something hits you.
* * * LOW HITPOINT WARNING * * *
Something shocks you.
* * * LOW HITPOINT WARNING * * *
You miss something. You closely miss something. The bat hits you.
* * * LOW HITPOINT WARNING * * *
Something hits you.
* * * LOW HITPOINT WARNING * * *
Something shocks you!
You die...

#8.........8###
##8.......8##
##8.....8###
##8...8##.#
...##8.8##..#
#....##'##...#
#............#
#............#
..$.......@..#
.#+######.b..#
#....# #....#
#....# #....#
#....# #....#
...


You could see a bat.

Vanquished Creatures
  Pikel (D:6)
  A spriggan (D:7)
  A hungry ghost (D:7)
  Grum (D:8)
  2 wolves (D:8)
  Menkaure (D:4)
  A black bear (D:7)
  A giant goldfish (D:7)
  4 phantoms
  An ice beast (D:8)
  4 ogres
  A centaur (D:6)
  3 giant frogs
  Sigmund (D:4)
  Duvessa (D:5)
  A scorpion (D:7)
  A goliath beetle (D:7)
  3 crimson imps
  Dowan (D:5)
  2 jellies
  A big fish (D:7)
  A centaur skeleton (D:8)
  3 hounds
  2 orc wizards (D:6)
  An iguana (D:5)
  3 worker ants
  Ijyb (D:5)
  6 adders
  4 giant mites
  2 shadow imps
  A goliath beetle zombie (D:7)
  5 worms
  An orc skeleton (D:4)
  2 giant eyeballs
  3 giant geckos
  3 oozes
  20 orcs
  2 ball pythons (D:2)
  13 bats
  A bat skeleton (D:7)
  11 giant cockroaches
  8 goblins
  9 hobgoblins
  10 jackals
  4 quokkas
  6 giant newts
  A hobgoblin skeleton (D:7)
  10 kobolds
  15 rats
  2 ballistomycetes (D:7)
183 creatures vanquished.

Vanquished Creatures (others)
  A centaur (D:6)
  A giant frog (D:6)
  A crimson imp (D:6)
  An adder (D:6)
  A bat (D:6)
  A giant spore (D:7)
  A jackal (D:6)
7 creatures vanquished.

Grand Total: 190 creatures vanquished

Notes
Turn   | Place    | Note
--------------------------------------------------------------
     0 | D:1      | Ragg, the Troll Monk, began the quest for the Orb.
     0 | D:1      | Reached XP level 1. HP: 22/22 MP: 1/1
   162 | D:1      | Reached XP level 2. HP: 29/29 MP: 1/1
   888 | D:2      | Reached XP level 3. HP: 36/36 MP: 2/2
   937 | D:2      | Found a shattered altar of Ashenzari.
  1592 | D:3      | Reached XP level 4. HP: 45/45 MP: 2/2
  2521 | D:4      | Found a burning altar of Makhleb.
  2566 | D:4      | Noticed Sigmund
  2676 | D:4      | Reached skill level 5 in Unarmed Combat
  2796 | D:4      | Found a white marble altar of Elyvilon.
  2802 | D:4      | Noticed Menkaure
  2809 | D:4      | Killed Menkaure
  2809 | D:4      | Reached XP level 5. HP: 32/53 MP: 2/2
  2855 | D:4      | Reached XP level 6. HP: 60/62 MP: 3/3
  2893 | D:4      | Noticed a phantom
  2905 | D:4      | Killed a phantom
  2953 | D:4      | Killed Sigmund
  3034 | D:5      | Entered Level 5 of the Dungeon
  3063 | D:5      | Reached skill level 6 in Unarmed Combat
  3063 | D:5      | Reached XP level 7. HP: 70/70 MP: 3/3
  3227 | D:5      | Noticed Ijyb
  3235 | D:5      | Killed Ijyb
  3268 | D:5      | Found Henil's Armour Emporium.
  3438 | D:5      | Noticed Dowan
  3439 | D:5      | Noticed Duvessa
  3600 | D:5      | Killed Dowan
  3602 | D:5      | Killed Duvessa
  4126 | D:6      | Noticed Pikel
  4137 | D:6      | Killed Pikel
  4137 | D:6      | Reached skill level 5 in Fighting
  4137 | D:6      | Reached skill level 5 in Dodging
  4137 | D:6      | Reached skill level 7 in Unarmed Combat
  4137 | D:6      | Reached XP level 8. HP: 32/81 MP: 3/3
  4699 | D:6      | Found a shadowy altar of Dithmenos.
  4710 | D:6      | Paralysed by a giant eyeball for 4 turns
  5596 | D:7      | Found a staircase to the Ecumenical Temple.
  5673 | D:7      | Reached skill level 8 in Unarmed Combat
  5673 | D:7      | Reached XP level 9. HP: 84/89 MP: 4/4
  6117 | Temple   | Entered the Ecumenical Temple
  6375 | Temple   | Became a worshipper of Warmaster Okawaru
  6375 | Temple   | Acquired Okawaru's first power
  6725 | D:8      | Paralysed by a giant eyeball for 2 turns
  6828 | D:8      | Found Broraf's Gadget Emporium.
  6862 | D:8      | Noticed Grum
  6872 | D:8      | Reached skill level 9 in Unarmed Combat
  6916 | D:8      | Killed Grum
  6924 | D:8      | HP: 2/93 [something (3)]
  6924 | D:8      | Slain by a sky beast

Action                   |  1- 3 |  4- 6 |  7- 9 || total
-------------------------+-------+-------+-------++-------
Melee: Unarmed           |    95 |    88 |   299 ||   482
Invok: Heroism           |       |       |     2 ||     2
Evoke: Wand              |       |     1 |     3 ||     4
  Use: Scroll            |       |       |     6 ||     6
 Stab: Sleeping          |       |     1 |     2 ||     3
       Distracted        |       |       |     1 ||     1
